 Dungeon Crawl Stone Soup version 0.22-a0-322-g60b3cfd (webtiles) character file.

137 Amnesiac the Gusty (level 5, -3/25 HPs)
             Began as a Tengu Air Elementalist on Apr 2, 2018.
             Slain by a gnoll
             ... wielding a +0 club
              (5 damage)
             ... on level 2 of the Dungeon.
             The game lasted 00:05:52 (2232 turns).

Amnesiac the Gusty (Tengu Air Elementalist)         Turns: 2232, Time: 00:05:53

Health: -3/25      AC:  3    Str:  9    XL:     5   Next: 20%
Magic:  7/10       EV: 13    Int: 16    God:
Gold:   102        SH:  4    Dex: 14    Spells: 2/9 levels left

rFire    . . .     SeeInvis .   n - +0 dagger (venom)
rCold    . . .     Gourm    .   (no shield)
rNeg     . . .     Faith    .   a - +0 robe
rPois    .         Spirit   .   (helmet restricted)
rElec    .         Reflect  .   (no cloak)
rCorr    .         Harm     .   (no gloves)
MR       .....                  (boots unavailable)
Stlth    +.........             (no amulet)
HPRegen  0.08/turn              b - ring of loudness (curse)
MPRegen  0.12/turn              e - -2 ring of strength (curse)

@: very slightly contaminated
A: beak, talons 3, large bone plates 1, frail 1, shaggy fur 1, strong 1, able to
fly 1
a: Fly


You were on level 2 of the Dungeon.
You were not hungry.

You visited 1 branch of the dungeon, and saw 3 of its levels.

You collected 102 gold pieces.

Inventory:

Hand Weapons
 n - a +0 dagger of venom (weapon)
Armour
 a - a +0 robe (worn)
Jewellery
 b - a cursed ring of loudness (left hand)
 e - a cursed -2 ring of strength (right hand)
 g - an uncursed ring of ice {unknown}
Wands
 f - a wand of digging (17)
Scrolls
 h - a scroll of remove curse {!r, unknown}
 i - 2 scrolls of magic mapping {!r, unknown}
 o - a scroll of amnesia {!r, unknown}
 r - a scroll of noise {!r, unknown}
Potions
 j - a potion of berserk rage {!q, unknown}
 k - a potion of magic {!q, unknown}
 l - a potion of flight {!q}
 p - a potion of ambrosia {!q, unknown}
Comestibles
 c - 8 rations
 m - 3 chunks of flesh


   Skills:
 + Level 3.3 Dodging
 - Level 2.0 Stealth
 + Level 2.9 Spellcasting
 - Level 1.3 Conjurations
 * Level 6.1 Air Magic


You had 2 spell levels left.
You knew the following spells:

 Your Spells              Type           Power        Failure   Level  Hunger
a - Shock                 Conj/Air       ##..         4%          1    #......
d - Airstrike             Air            ###.......   16%         4    #####..
z - Swiftness             Chrm/Air       ##......     9%          2    ##.....


Dungeon Overview and Level Annotations

Branches:
Dungeon (3/15)

Altars:
Trog
Zin
Jiyva

Shops:
D:3 *


Innate Abilities, Weirdness & Mutations

You have a beak for a mouth.
You have claws for feet.
You can fly.
You are partially covered in large bone plates. (SH +4)
You are frail. (-10% HP)
You are covered in fur. (AC +1)
Your muscles are strong. (Str +2)


Message History

You see here the felid skeleton of Natasha.
This spell is slightly dangerous to cast.
Memorise Airstrike, consuming 4 spell levels and leaving 2?
You start memorising the spell.
You continue memorising. x4
You finish memorising.
Spell assigned to 'd'.
Okay, then.
You start resting.
You are starting to lose your buoyancy.
You start resting.
You float gracefully downwards.
You start resting.
Magic restored.
You start resting.
A gnoll is nearby!
A gnoll is nearby!
You start resting.
Magic restored.
You start resting.
A gnoll is nearby!
The gnoll shouts! x2; You hear a shout!
The gnoll shouts!
Found 11 gold pieces.
Casting: Shock (safe; 4% risk of failure)
Confirm with . or Enter, or press ? or * to list all spells.
Aiming: Shock (safe; 4% risk of failure)
Press: ? - help, Shift-Dir - straight line, f - gnoll
Aim: a gnoll, wielding a club and wearing an encrusted cabochon ring The zap hits the gnoll.
The gnoll is moderately wounded.
The zap hits the gnoll.
The gnoll is severely wounded.
Unknown command.
Casting: Shock (safe; 4% risk of failure)
Confirm with . or Enter, or press ? or * to list all spells.
Aiming: Shock (safe; 4% risk of failure)
Press: ? - help, Shift-Dir - straight line, p - gnoll The zap hits the gnoll.
The gnoll is severely wounded.
The zap misses the gnoll.
Firing (i - inventory) No suitable missiles.
Press: ? - help, Shift-Dir - straight line, f - gnoll
Aim: a gnoll, wielding a club and wearing an encrusted cabochon ring (severely wounded)
Okay, then.
Casting: Shock (safe; 4% risk of failure)
Confirm with . or Enter, or press ? or * to list all spells.
Aiming: Shock (safe; 4% risk of failure)
Press: ? - help, Shift-Dir - straight line You miscast Shock.
You are very lightly contaminated with residual magic.
Nothing appears to happen.
The gnoll hits you with a club!
* * * LOW HITPOINT WARNING * * *
The gnoll misses you.
The gnoll hits you from afar with a spear!
* * * LOW HITPOINT WARNING * * *
Okay, then.
Okay, then.
Unknown command.
Really quaff
q - a puce potion {!q}?
It was a potion of mutation {!q}.
You feel extremely strange.
You feel stronger.
Large bone plates grow over parts of your arms.
You feel frail. Fur sprouts all over your body. The gnoll hits you with a club.
You die...

#############
#######.....#...).##
..>................##
....####รท####.gg@...#
....##.....##.......#
...!#.......#.g...$.#
....#.......#.......#
...g...._...).......#
...g#.......#.......#
....#.......#......##
...)##.....##..!..##
###.####.### #####


You could see 3 gnolls.

Vanquished Creatures
  Natasha (D:2)
  Robin (D:3)
  3 adders
  3 dart slugs
  2 leopard geckos
  5 bats
  A giant cockroach (D:1)
  17 goblins
  7 hobgoblins
  2 jackals (D:3)
  2 quokkas
  5 frilled lizards
  9 kobolds
  3 rats
61 creatures vanquished.

Notes
Turn   | Place    | Note
-------+----------+-------------------------------------------
     0 | D:1      | Amnesiac the Tengu Air Elementalist began the quest for the Orb.
     0 | D:1      | Reached XP level 1. HP: 10/10 MP: 4/4
   207 | D:1      | Found a viscous altar of Jiyva.
   207 | D:1      | Noticed a jelly
   207 | D:1      | Noticed a jelly
   207 | D:1      | Noticed a jelly
   208 | D:1      | Reached XP level 2. HP: 13/15 MP: 3/6
   754 | D:1      | Reached XP level 3. HP: 19/19 MP: 3/7
   758 | D:1      | Learned a level 2 spell: Swiftness
   867 | D:1      | Reached skill level 5 in Air Magic
  1471 | D:3      | Found Zin's Purification Station.
  1471 | D:3      | Found a glowing silver altar of Zin.
  1536 | D:3      | Reached XP level 4. HP: 24/24 MP: 5/8
  1635 | D:3      | Noticed Robin
  1684 | D:3      | Killed Robin
  2134 | D:2      | Found a bloodstained altar of Trog.
  2135 | D:2      | Noticed Natasha
  2159 | D:2      | Killed Natasha
  2159 | D:2      | Reached skill level 6 in Air Magic
  2159 | D:2      | Gained mutation: You can fly. [Tengu growth]
  2159 | D:2      | Reached XP level 5. HP: 11/28 MP: 4/10
  2168 | D:2      | Learned a level 4 spell: Airstrike
  2232 | D:2      | Gained mutation: Your muscles are strong. (Str +2) [potion of mutation]
  2232 | D:2      | Gained mutation: You are partially covered in large bone plates. (SH +4) [potion of mutation]
  2232 | D:2      | Gained mutation: You are frail. (-10% HP) [potion of mutation]
  2232 | D:2      | Gained mutation: You are covered in fur. (AC +1) [potion of mutation]
  2232 | D:2      | Slain by a gnoll

Vault maps used:
D:1:      erik_arrival_cave_to_civilisation
D:2:      nicolae_ru_great_annihilating_truth, old_standard_altar, led_sif_pool,
          first_ration, uniq_natasha, uniq_sigmund
D:3:      zin_purify, uniq_robin

Skill      XL: |  1  2  3  4 |
---------------+-------------+-----
Air Magic      | 5 6 |  6.1
Dodging        | 3 |  3.3
Stealth        | |  2.0
Spellcasting   | |  2.9
Conjurations   | |  1.3

Action                   |  1- 3 |  4- 6 || total
-------------------------+-------+-------++-------
Melee: Unarmed           |    24 |    11 ||    35
       Kick              |     7 |     7 ||    14
       Peck              |     5 |     7 ||    12
       Dagger            |       |    37 ||    37
 Cast: Shock             |    74 |    22 ||    96
  Use: Potion            |     1 |     4 ||     5
  Eat: Chunk             |     3 |     2 ||     5
Armor: Robe              |     5 |    11 ||    16
Dodge: Dodged            |    21 |    52 ||    73

Table legend:
 A = Spawn XP
 B = Non-spawn XP
 C = Spawn XP percentage of total XP
 D = Spawn monster count
 E = Non-spawn monster count
 F = Spawn count percentage of total count
 G = Total turns spent on level
                    A         B        C        D         E        F      G
               +---------+---------+-------+---------+---------+-------+---------
         Total |       0 |     196 |   0.0 |       0 |      61 |   0.0 |  2232
               +---------+---------+-------+---------+---------+-------+---------
           D:1 |       0 |      47 |   0.0 |       0 |      26 |   0.0 |  1118
           D:2 |       0 |      78 |   0.0 |       0 |      11 |   0.0 |   174
           D:3 |       0 |      71 |   0.0 |       0 |      24 |   0.0 |   940
               +---------+---------+-------+---------+---------+-------+---------
